cohdb
Replays
Latest Replays
All Replays
Popular Replays
Top Player Replays
Match Explorer
How It Works
Community
CoH3 Stats
Reddit
Sign in to upload your games and track your stats! →
Sign in with Steam
Match 42126401
Unlisted
Match 42126401
Overview
Messages
Build Orders
End
Selects Australian Defense Battlegroup
Selects Australian Light Infantry Section
Australian Light Infantry Section
Australian Light Infantry Section
Australian Light Infantry Section
Construct Field Infirmary
Selects 2-pounder Anti-tank Gun Team
Construct Section Command Post
Australian Light Infantry Section
Construct Platoon Command Post
2-pounder Anti-tank Gun Team
Humber Armored Car
Vickers Machine Gun Team
DibbeTC
Snake Doctor
seduce me
Sparkle
Mo-J
Wheeler
0
0
Comments
sign in to comment!
No comments posted yet!